[Event "Early-Titled-Tuesday-Blitz-June-18-2024"]
[Site "Chess.com"]
[Date "2024.06.18"]
[Round "9"]
[White "N_I_Chess"]
[Black "mortngabriel"]
[Result "1-0"]
[WhiteElo "2337"]
[BlackElo "2469"]
[TimeControl "180+1"]
[EndTime "9:47:39 PDT"]
[Termination "N_I_Chess won on time"]

1. d4 Nf6 2. c4 e6 3. Nc3 Bb4 4. Bd2 O-O 5. e3 b6 6. Bd3 Bb7 7. Nf3 d5 8. cxd5 exd5 9. O-O Bd6 10. Rc1 a6 11. Qc2 c5 12. Rfd1 c4 13. Bf5 g6 14.
Bh3 Re8 15. g3 b5 16. a3 Nbd7 17. Bg2 Nb6 18. Na2 a5 19. Be1 Qe7 20. Nd2 b4 21. b3 c3 22. Nf1 h6 23. a4 Kg7 24. h3 Ba6 25. Nh2 Ne4 26. Rb1 h5 27. Nf3 g5 28.
Nc1 g4 29. Nh4 Qg5 30. hxg4 hxg4 31. Nd3 Rac8 32. Nf4 Bxf4 33. exf4 Qh5 34. f3 Nd6 35. Bf2 Re2 36. Qc1 Rce8 37. Re1 Bd3 38. fxg4 Qxg4 39. Bf3 Qh3 40. Bxe2 Bxb1 41. Bf1 Qg4 42. Rxe8 Nxe8 43. Qxb1 Nf6 44. Nf5+ Kf8 45. Ne3 Qe6 46. Qd3 Ne4 47. Bg2 Nd7 48. Bxe4 dxe4 49. Qc4 Qf6 50. Qc8+ Ke7 51.
Qc4 1-0

[Event "Early-Titled-Tuesday-Blitz-June-18-2024"]
[Site "Chess.com"]
[Date "2024.06.18"]
[Round "9"]
[White "eltenedor"]
[Black "Resignify"]
[Result "0-1"]
[WhiteElo "2130"]
[BlackElo "2302"]
[TimeControl "180+1"]
[EndTime "9:47:39 PDT"]
[Termination "Resignify won on time"]

1. f4 Nf6 2. Nf3 g6 3. b3 Bg7 4. Bb2 d6 5. g3 O-O 6. Bg2 c5 7. O-O Nc6 8. e3 e5 9. fxe5 Ng4 10.
Nc3 Ngxe5 11. Qe2 Bg4 12. Qf2 a6 13. Rae1 Rb8 14. Ba1 Nb4 15. Rc1 h6 16. Nxe5 dxe5 17. a3 Nc6 18. Nd5 Be6 19. Nf6+ Bxf6 20. Qxf6 Qxf6 21.
Rxf6 Rbd8 22. d3 Rfe8 23. Rcf1 Rd6 24. Bxc6 Rxc6 25. e4 Rc7 26. Bc3 Rd7 27. Bd2 Kg7 28. Be3 Bf5 29. R6xf5 gxf5 30. Rxf5 b6 31. Rh5 Rd6 32. Rf5 Rde6 33. Bd2 f6 34. Bc3 Kg6 35. g4 R8e7 36. h4 Rd7 37. Kf2 Kg7 38. g5 hxg5 39.
hxg5 fxg5 40. Bxe5+ Kg6 41. Bc3 Rf7 42. Rxf7 Kxf7 43.
Kg3 Kg6 44. Kg4 b5 45. Bd2 Re5 46. Be3 c4 47. bxc4 bxc4 48. Kf3 cxd3 49. cxd3 Ra5 50. Bc1 Rc5 51. Bd2 Rc2 52. Bb4 Rb2 53. d4 Rb3+ 54. Kf2 a5 55. Bc5 a4 56. e5 Kf5 57.
Bd6 Ke6 58. Bc5 Kd5 59. Ba7 Rxa3 60. Bc5 Rb3 61. Ke2 a3 0-1

[Event "Early-Titled-Tuesday-Blitz-June-18-2024"]
[Site "Chess.com"]
[Date "2024.06.18"]
[Round "9"]
[White "Gnechko_Ruslan"]
[Black "pouya21"]
[Result "1-0"]
[WhiteElo "2584"]
[BlackElo "2843"]
[TimeControl "180+1"]
[EndTime "9:47:40 PDT"]
[Termination "Gnechko_Ruslan won on time"]

1. e4 c5 2. Nf3 e6 3. d4 cxd4 4. Nxd4 Nc6 5. Nc3 Qc7 6. Be2 Nf6 7. O-O Be7 8. Kh1 O-O 9. f4 d6 10. Nf3 a6 11. a3 b5 12. Bd3 Bb7 13. Qe1 b4 14. axb4 Nxb4 15. e5 Nxd3 16. cxd3 Nd5 17.
Bd2 Rac8 18. Nxd5 Bxd5 19. Rxa6 Qb7 20. Qa1 Ra8 21. Rxa8 Rxa8 22. Qb1 Rb8 23. Bc3 h6 24. Qe1 dxe5 25. Bxe5 Rc8 26. Qg3 f6 27. Bc3 Rf8 28.
Nd4 Bb4 29. Ne2 Bd6 30. Qf2 Qb5 31. Qe3 Bc5 32. d4 Bd6 33. h3 Bc4 34. Re1 Re8 35. Ng3 Bd5 36. f5 Qb8 37. Ne4 Bf8 38. Nc5 Qa8 39. Re2 e5 40. dxe5 fxe5 41. f6 Qc6 42.
Ne4 Bxe4 43. fxg7 Bxg7 44. Qxe4 Qxe4 45. Rxe4 Kf7 46. Rb4 Bf6 47. Rb7+ Ke6 48. Rb6+ Kf7 49. Rb7+ Ke6 50. Kg1 Rc8 51. Kf2 h5 52. g4 hxg4 53.
hxg4 Rg8 54. Kf3 e4+ 55. Kxe4 Rxg4+ 56. Kf3 Rg6 57. Rb6+ Kf5 58. Rxf6+ 1-0

[Event "Early-Titled-Tuesday-Blitz-June-18-2024"]
[Site "Chess.com"]
[Date "2024.06.18"]
[Round "9"]
[White "ManMish2"]
[Black "ChristopherYoo"]
[Result "1/2-1/2"]
[WhiteElo "2662"]
[BlackElo "2999"]
[TimeControl "180+1"]
[EndTime "9:47:40 PDT"]
[Termination "Game drawn by repetition"]

1. e4 e5 2. Nf3 Nc6 3. Bb5 a6 4.
Ba4 d6 5. O-O Bg4 6. h3 h5 7. d3 b5 8. Bb3 Nd4 9. hxg4 hxg4 10.
Bxf7+ Kxf7 11. Ng5+ Ke8 12. Qxg4 Qd7 13. Qd1 Be7 14. Nc3 Nf6 15. Ne2 Nxe2+ 16. Qxe2 Rh5 17. f3 Qc6 18. Be3 Kd7 19. Kf2 d5 20. c3 Rf8 21.
Ke1 b4 22. c4 d4 23. Bd2 a5 24. Kd1 Rhh8 25. Kc2 Nh5 26. f4 Bxg5 27. fxg5 g6 28.
Qg4+ Qe6 29. Qxe6+ Kxe6 30. Kb3 Ng3 31. Rf3 Rxf3 32.
gxf3 Rh2 33. Be1 Ne2 34. Ka4 Nf4 35. Kxa5 Nxd3 36. Bxb4 Rxb2 37. Ba3 Rb8 38. Ka4 c5 39. Rh1 Nb2+ 40. Bxb2 Rxb2 41. Rh6 Kf7 42. Rh7+ Kf8 43. Rc7 Rb4+ 44. Ka5 Rxc4 45. Kb5 Rc2 46. Kc6 d3 47. Kd5 d2 48. Ke6 d1=Q 49. Rc8+ Kg7 50. Rc7+ Kg8 51.
Rc8+ Kh7 52. Rc7+ Kh8 53. Rc8+ Kg7 54. Rc7+ Kg8 55. Rc8+ Kh7 56. Rc7+ Kh8 57. Rc8+ Kg7 1/2-1/2

[Event "Early-Titled-Tuesday-Blitz-June-18-2024"]
[Site "Chess.com"]
[Date "2024.06.18"]
[Round "9"]
[White "Qvalda"]
[Black "unkiyto"]
[Result "1-0"]
[WhiteElo "2459"]
[BlackElo "2662"]
[TimeControl "180+1"]
[EndTime "9:47:41 PDT"]
[Termination "Qvalda won by checkmate"]

1. d4 Nf6 2. c4 g6 3. Nf3 Bg7 4. e3 O-O 5. Be2 d5 6. cxd5 Nxd5 7. e4 Nb6 8. Be3 e6 9. O-O Nc6 10. Nc3 Bd7 11. h4 Qe7 12. h5 Qb4 13. a3 Qxb2 14. Qd3 Nb4 15. axb4 Qxb4 16. hxg6 hxg6 17. e5 Nd5 18.
Nxd5 exd5 19. Rfb1 Qe7 20. Rxb7 a5 21. Rxc7 a4 22.
Qa3 Qd8 23. Qd6 Bf5 24. Qxd8 Rfxd8 25. Bg5 Rdb8 26. Be7 Bf8 27. Bxf8 Kxf8 28. Rc3 Rb4 29. Bd3 Bxd3 30. Rxd3 Rc8 31. Rda3 Rcc4 32. Kf1 Ke7 33. Ke2 Ke6 34. Ke3 Kf5 35. R1a2 g5 36. Ra1 g4 37. Ne1 Rxd4 38. Nd3 Rbc4 39. g3 Re4+ 40. Kd2 Rcd4 41. Rh1 Ke6 42. Rh6+ Ke7 43. Ra6 Rc4 44. Ra5 Ke6 45.
Nc5+ Kxe5 46. Nxe4 Kxe4 47. R5xa4 Rxa4 48. Rxa4+ d4 49.
Ke2 f6 50. Rb4 f5 51. Ra4 f4 52. gxf4 Kxf4 53. Rxd4+ Ke5 54. Ra4 Kf5 55. Kf1 Kg5 56.
Kg2 Kh4 57. Kh2 Kg5 58. Kg3 Kf5 59. Rxg4 Kf6 60. Rf4+ Ke5 61. Kg4 Ke6 62. Rf5 Ke7 63.
Kf4 Kd6 64. Ke4 Kc6 65. Rd5 Kb6 66. f4 Kc6 67. f5 Kb6 68. f6 Ka6 69. f7 Kb6 70. f8=Q Ka6 71. Qf6+ Ka7 72. Rd7+ Kb8 73. Qd8# 1-0

[Event "Early-Titled-Tuesday-Blitz-June-18-2024"]
[Site "Chess.com"]
[Date "2024.06.18"]
[Round "9"]
[White "harkerchess"]
[Black "andrzej"]
[Result "1-0"]
[WhiteElo "2397"]
[BlackElo "2455"]
[TimeControl "180+1"]
[EndTime "9:47:47 PDT"]
[Termination "harkerchess won by checkmate"]

1. Nf3 d5 2. c4 e6 3. g3 Nf6 4. Bg2 dxc4 5. Qa4+ Bd7 6. Qxc4 c5 7.
O-O Nc6 8. d4 b5 9. Qxb5 Nxd4 10. Qd3 Bb5 11. Qe3 Nxe2+ 12. Kh1 Nd5 13. Qb3 Rb8 14. Bg5 f6 15. Bd2 Nxg3+ 16. hxg3 Bxf1 17. Qa4+ Bb5 18. Qxa7 Qc7 19. Qa3 c4 20. b4 cxb3 21.
Qxb3 Bd6 22. Nd4 Bd7 23. Qd3 O-O 24. Nxe6 Bxe6 25. Bxd5 Bxd5+ 26. Qxd5+ Kh8 27. Nc3 Bxg3 28. fxg3 Qxg3 29. Qf5 Rfd8 30. Qf4 Qd3 31. Be1 Rd4 32. Qxb8+ Rd8 33. Qg3 Qf5 34. Rb1 h5 35. Rb8 Qf1+ 36. Kh2 Rxb8 37. Qxb8+ Kh7 38. Qg3 Qf5 39. a4 g5 40.
Qc7+ Kg6 41. Qg3 h4 42. Qh3 Qc2+ 43. Qg2 Qb3 44. Qe4+ Kh6 45. Qf3 Qe6 46. Ne4 f5 47.
Nxg5 Qxe1 48. Nh3 Qd2+ 49. Nf2 Qd6+ 50. Kh3 Qb4 51. Qxf5 Qxa4 52. Ng4+ Kg7 53. Kxh4 Kg8 54. Qg6+ Kf8 55. Qf6+ Ke8 56. Kg5 Kd7 57. Ne5+ Kc8 58. Qe7 Kb8 59. Kf6 Qa6+ 60. Kf7 Qa2+ 61. Ke8 Qg8+ 62.
Kd7 Qc8+ 63. Kd6 Qa6+ 64. Nc6+ Ka8 65. Qd8+ Kb7 66. Qb8# 1-0

[Event "Early-Titled-Tuesday-Blitz-June-18-2024"]
[Site "Chess.com"]
[Date "2024.06.18"]
[Round "9"]
[White "HanSchut"]
[Black "Andrey-Ivanov2011"]
[Result "0-1"]
[WhiteElo "2223"]
[BlackElo "2090"]
[TimeControl "180+1"]
[EndTime "9:47:48 PDT"]
[Termination "Andrey-Ivanov2011 won by checkmate"]

1. e4 c5 2. Nf3 d6 3. d4 cxd4 4. Nxd4 Nf6 5. f3 e5 6. Bb5+ Nbd7 7. Nf5 d5 8. exd5 a6 9. Ba4 b5 10. Bb3 Nc5 11. Ne3 Bd6 12. Nc3 O-O 13. O-O e4 14.
Nxe4 Ncxe4 15. fxe4 Nxe4 16. Qf3 Qh4 17. g3 Qe7 18.
Nf5 Bxf5 19. Qxf5 Bxg3 20. hxg3 Nxg3 21. Qf3 Nxf1 22. Kxf1 Rfe8 23. Bd2 Qd6 24. Re1 a5 25. Rxe8+ Rxe8 26. Bxa5 b4 27. a3 Qa6+ 28. Qd3 Qxa5 29. d6 bxa3 30. d7 Qe1+ 31. Kg2 Re2+ 32. Kh3 Qh1+ 33.
Kg4 Qg2+ 34. Kf4 Qf2+ 35. Kg4 Qg1+ 36. Qg3 Qd4+ 37. Qf4 Qxd7+ 38. Kf3 Re8 39. bxa3 h6 40. a4 Qb7+ 41. Kf2 Qb6+ 42. Kg2 Qg6+ 43. Kf2 Qf6 44. Qxf6 gxf6 45. Bc4 Kf8 46. a5 Ra8 47. a6 Ke7 48. Bd3 Ke6 49. Kf3 Ke5 50. Kg4 f5+ 51. Kf3 f6 52. Kf2 h5 53. Kf3 Ra7 54. Kg3 f4+ 55. Kf3 f5 56. Kf2 h4 57. Kg2 Ra8 58. Kh3 Ra7 59. Kxh4 Kd4 60. Kh3 Ke3 61. Kg2 f3+ 62.
Kf1 f4 63. Bc4 Ra8 64. Bd3 Ra7 65. Bc4 f2 66. Bd3 Kf3 67. Be2+ Kg3 68. Bd3 f3 69. Bc4 Rh7 70. Bd5 Rh1# 0-1

[Event "Early-Titled-Tuesday-Blitz-June-18-2024"]
[Site "Chess.com"]
[Date "2024.06.18"]
[Round "9"]
[White "EdenDzung06"]
[Black "viktorskliarov"]
[Result "1-0"]
[WhiteElo "2464"]
[BlackElo "2641"]
[TimeControl "180+1"]
[EndTime "9:47:49 PDT"]
[Termination "EdenDzung06 won by checkmate"]

1. d4 Nf6 2. c4 e6 3. Nf3 b6 4.
g3 Bb7 5. Bg2 Be7 6. O-O O-O 7.
Nc3 Ne4 8. Qc2 Nxc3 9. Qxc3 d6 10. b3 Nd7 11. Bb2 a5 12. Rad1 Bf6 13. Qc2 g6 14. e4 Qe7 15. d5 Bxb2 16. Qxb2 e5 17. Ne1 f5 18. Nd3 f4 19. Bh3 Nc5 20. f3 Qg5 21. Qg2 a4 22. b4 Nxd3 23. Rxd3 a3 24. Be6+ Kg7 25. Rc3 Ra4 26. Rb1 fxg3 27. hxg3 Bc8 28. Bxc8 Rxc8 29. c5 Rf8 30. cxd6 cxd6 31. Rbb3 Rf7 32.
Qf2 h5 33. Kh2 b5 34. Rc6 h4 35. gxh4 Qf4+ 36. Qg3 Qd2+ 37. Qg2 Qf4+ 38. Kh3 Ra8 39. Rxd6 Rf6 40. Rd7+ Rf7 41. Rxf7+ Kxf7 42. Rc3 Rh8 43. Qg4 Qxg4+ 44. Kxg4 Ke7 45. Rc6 Rf8 46. Rxg6 Rf4+ 47. Kg3 Rf8 48. h5 Rc8 49. Rc6 Rh8 50. Kh4 Kd7 51.
Kg5 Rf8 52. Rf6 Rc8 53. h6 Rc1 54. h7 Rg1+ 55. Kf5 Rh1 56. Kg6 Rh2 57. Kg7 Rg2+ 58.
Rg6 Rxa2 59. h8=Q Rb2 60. Qg8 a2 61. Qe6+ Kd8 62. Qd6+ Ke8 63. Re6# 1-0

[Event "Early-Titled-Tuesday-Blitz-June-18-2024"]
[Site "Chess.com"]
[Date "2024.06.18"]
[Round "9"]
[White "vladislavkovalev"]
[Black "Yan_Dyomin2010"]
[Result "1-0"]
[WhiteElo "2869"]
[BlackElo "2675"]
[TimeControl "180+1"]
[EndTime "9:47:51 PDT"]
[Termination "vladislavkovalev won by resignation"]

1. e4 c5 2. Nf3 Nc6 3. Bb5 Nf6 4.
e5 Nd5 5. Nc3 Nc7 6. Bxc6 dxc6 7. h3 h6 8. d3 g5 9. Be3 b6 10. Qe2 Bf5 11. O-O-O Nd5 12. Bd2 Bg7 13.
g4 Be6 14. Ne4 a5 15. a3 Qc7 16. Ng3 b5 17. Nf5 Bf8 18. Be3 Bxf5 19. gxf5 e6 20. c4 Nxe3 21. Qxe3 exf5 22. d4 cxd4 23. Nxd4 Bc5 24.
Qf3 Bxd4 25. Rxd4 O-O 26. Qxf5 Rad8 27. Rxd8 Qxd8 28. h4 Qd4 29. hxg5 Qxc4+ 30. Kb1 Rd8 31. g6 Qd3+ 32. Qxd3 Rxd3 33. gxf7+ Kxf7 34. Rxh6 c5 35. Rf6+ Ke7 36. Kc2 c4 37. Rb6 Rb3 38. f4 b4 39.
axb4 axb4 40. f5 Re3 41. Rxb4 Rxe5 42. Rxc4 Rxf5 43. Kb3 Kd6 44. Ka4 Rf7 45. b4 Rb7 46.
Ka5 Kd5 47. Rc1 Kd6 48. b5 Rb8 49. Ka6 Rg8 50. b6 Rg2 51. b7 Ra2+ 52. Kb6 Rb2+ 53.
Ka7 Ra2+ 54. Kb8 Kd7 55. Rd1+ Ke7 56. Rd4 Ra1 57. Kc7 Rc1+ 58. Kb6 Rb1+ 59. Kc6 Rc1+ 60. Kb5 Rc8 61. bxc8=Q 1-0

[Event "Early-Titled-Tuesday-Blitz-June-18-2024"]
[Site "Chess.com"]
[Date "2024.06.18"]
[Round "9"]
[White "TheBigBoss04"]
[Black "Lestofante90"]
[Result "1-0"]
[WhiteElo "2831"]
[BlackElo "2955"]
[TimeControl "180+1"]
[EndTime "9:47:53 PDT"]
[Termination "TheBigBoss04 won by resignation"]

1. Nf3 d5 2. e3 Nf6 3. c4 c6 4. b3 g6 5. Bb2 Bg7 6. Nc3 O-O 7. Be2 Re8 8. d4 e6 9. O-O Nbd7 10. Rc1 b6 11.
Bd3 Bb7 12. Qe2 c5 13. cxd5 Nxd5 14. Nxd5 Bxd5 15. Rfd1 Bxf3 16. Qxf3 cxd4 17. Bb5 a6 18. Bxd7 Qxd7 19. Bxd4 Bxd4 20. Rxd4 Qe7 21. g3 Rac8 22.
Rc6 e5 23. Rdd6 e4 24. Qf6 Rxc6 25. Rxc6 Qxf6 26. Rxf6 Rb8 27. g4 h6 28. h4 a5 29. a4 b5 30. Ra6 bxa4 31. bxa4 Rb2 32. Rxa5 Ra2 33. Kg2 Kg7 34. Kg3 Kf6 35. g5+ hxg5 36.
hxg5+ Ke6 37. Ra7 Kf5 38. Rxf7+ Kxg5 39. Ra7 Kf5 40. a5 Kg5 41. Ra8 Ra1 42. a6 Rg1+ 43. Kh2 Ra1 44. Kh3 Rh1+ 45. Kg3 Ra1 46. Kg2 Kg4 47.
a7 g5 48. Re8 Rxa7 49. Rxe4+ Kf5 50. Rb4 Ra5 51. Kg3 Ra2 52. f3 Ra1 53. Rb6 Re1 54.
e4+ Ke5 55. Rg6 g4 56. Rxg4 Rg1+ 57. Kh4 Rf1 58. Rg5+ Kf6 59. Rf5+ Kg6 60. Kg4 Rg1+ 61. Kf4 Rd1 62. Rc5 Ra1 63. Rc6+ Kh5 64. Kf5 Rf1 65. f4 Ra1 66. e5 Ra8 67. e6 Rf8+ 68. Ke5 Kg4 69. e7 Rf5+ 70. Ke6 Rxf4 71. e8=Q 1-0

[Event "Early-Titled-Tuesday-Blitz-June-18-2024"]
[Site "Chess.com"]
[Date "2024.06.18"]
[Round "9"]
[White "GHANDEEVAM2003"]
[Black "Adar_07"]
[Result "1/2-1/2"]
[WhiteElo "2981"]
[BlackElo "2808"]
[TimeControl "180+1"]
[EndTime "9:47:54 PDT"]
[Termination "Game drawn - insufficient material"]

1. Nf3 Nf6 2. g3 d5 3. Bg2 c6 4. O-O Bg4 5. b3 e6 6. Bb2 h5 7. c4 Nbd7 8. cxd5 cxd5 9. d3 Bd6 10. Nbd2 h4 11. Nxh4 Rxh4 12. gxh4 Nh5 13. Qe1 Qxh4 14. f4 Qxe1 15. Raxe1 Nxf4 16. Nf3 O-O-O 17. Bc1 Rh8 18. Bxf4 Bxf4 19. e3 Bd6 20. Rf2 Nc5 21. Rd2 Kd7 22. Rf1 Ke7 23. h3 Bxh3 24. Bxh3 Rxh3 25. Rg2 Rg3 26. Rxg3 Bxg3 27. Rd1 f6 28. b4 Na4 29.
Rc1 Bd6 30. Kf2 g5 31. Rh1 Bxb4 32. Rh7+ Kd6 33. Rxb7 Bc5 34. Rf7 g4 35. Nh4 f5 36.
d4 Bb6 37. Ng6 Kc6 38. Rf6 Nc3 39. Rxe6+ Kb5 40. Re5 Kc4 41. Rxf5 Nxa2 42. Ne5+ Kb4 43. Nxg4 Nc3 44. Ke1 a5 45. Kd2 a4 46. Ne5 Kb3 47. Rf8 Bc7 48. Nd3 Bd6 49. Nc5+ Bxc5 50. dxc5 Ne4+ 51. Kc1 Nxc5 52. Rb8+ Kc4 53. Kc2 d4 54.
exd4 Kxd4 55. Rb4+ Kd5 56. Kc3 Ne4+ 57. Kb2 Nc5 58. Ka3 Kc6 59. Rh4 Kb5 60. Rh5 Kc4 61.
Rg5 Kb5 62. Rg4 Ka5 63. Rb4 Ka6 64. Rb1 Ka5 65. Rb8 Ka6 66. Kb4 Nd7 67. Rd8 Nb6 68.
Rd6 a3 69. Kxa3 Kb5 70. Kb3 Kc5 71.
Rh6 Nd5 72. Rh4 Nb6 73. Kc3 Nd5+ 74. Kd3 Nb4+ 75. Ke4 Nc6 76. Rh1 Kd6 77. Rc1 Ne7 78. Rd1+ Ke6 79. Kd4 Nf5+ 80. Kc5 Ke5 81. Re1+ Kf4 82.
Kc4 Ne3+ 83. Kd3 Nf5 84. Re8 Kg5 85. Rf8 Kf4 86. Rf6 Ke5 87. Rf7 Ke6 88. Rf8 Ke5 89. Rxf5+ Kxf5 1/2-1/2

[Event "Early-Titled-Tuesday-Blitz-June-18-2024"]
[Site "Chess.com"]
[Date "2024.06.18"]
[Round "9"]
[White "slidingknight2775"]
[Black "Omranalhosani21"]
[Result "1-0"]
[WhiteElo "2696"]
[BlackElo "2564"]
[TimeControl "180+1"]
[EndTime "9:47:54 PDT"]
[Termination "slidingknight2775 won by resignation"]

1. d4 Nf6 2. c4 e6 3. Nc3 d5 4.
Bg5 Be7 5. e3 O-O 6. Nf3 c6 7.
Bd3 b6 8. O-O Ba6 9. Qe2 Nbd7 10.
Rad1 Rc8 11. h3 h6 12. Bh4 Qc7 13. Rc1 Qb7 14. cxd5 Bxd3 15. dxc6 Bxe2 16. cxb7 Rxc3 17. Rxc3 Bxf1 18. Bxf6 gxf6 19. Kxf1 Rb8 20. Rc7 Kf8 21. Rxd7 Ke8 22. Rc7 Kd8 23. Rc8+ Rxc8 24. bxc8=Q+ Kxc8 25. Ke2 Kb7 26. Kd3 Kc6 27. Nd2 f5 28. Nc4 f6 29. f3 b5 30. Nd2 a5 31. e4 fxe4+ 32. fxe4 a4 33. Nf1 Bd6 34. Ne3 h5 35. g4 hxg4 36.
Nxg4 Be7 37. Ne3 Kd7 38. d5 Bc5 39. Ng4 f5 40. Nf6+ Ke7 41. Nh5 Kd6 42. dxe6 fxe4+ 43. Kxe4 Kxe6 44. Nf4+ Kf6 45. Nd5+ Kg5 46. Nc3 a3 47. b3 b4 48. Nd5 Kh4 49. Kd3 Kxh3 50. Kc4 Bd6 51. Nxb4 Kg4 52. Nc2 Kf4 53. b4 Ke5 54.
Nxa3 Ke6 55. Nb5 Be7 56. a4 Kd7 57. Nc3 Kc6 58. b5+ Kb6 59. Nd5+ Ka5 60. Nxe7 Kxa4 61. b6 Ka5 62. b7 Ka6 63. b8=Q 1-0

[Event "Early-Titled-Tuesday-Blitz-June-18-2024"]
[Site "Chess.com"]
[Date "2024.06.18"]
[Round "9"]
[White "ural58"]
[Black "chess123456s"]
[Result "0-1"]
[WhiteElo "2420"]
[BlackElo "2605"]
[TimeControl "180+1"]
[EndTime "9:47:57 PDT"]
[Termination "chess123456s won by checkmate"]

1. e4 c5 2. b3 e5 3. Bb2 Nc6 4. f4 exf4 5. Qf3 d6 6. Qxf4 Nge7 7. Nf3 Ng6 8. Qe3 Nge5 9. Bb5 Bd7 10. Bxc6 Nxf3+ 11. Qxf3 Bxc6 12. O-O Qc7 13. c4 O-O-O 14.
Nc3 f6 15. Nd5 Bxd5 16. exd5 Kb8 17. Rae1 Be7 18. Re6 f5 19. Bxg7 Rhg8 20. Bc3 Rdf8 21. Rfe1 Bh4 22. R1e2 Ka8 23. Qh5 Bd8 24. Re8 a6 25.
Rxf8 Rxf8 26. Re8 Rxe8 27. Qxe8 Ka7 28. g3 Bg5 29. Kg2 f4 30. g4 h6 31. Kf3 Qh7 32. Qe4 Qf7 33. d4 h5 34. dxc5 dxc5 35. b4 hxg4+ 36. Kxg4 Qg8 37. Qe6 Qf8 38. Kxg5 f3 39. Be1 f2 40. Bxf2 Qxf2 41. bxc5 Qxc5 42. Qg4 Qe7+ 43. Kf5 Qd7+ 44. Kf4 Qd6+ 45. Kf3 Qxh2 46. Qd4+ Ka8 47. d6 Qh3+ 48. Ke2 Qd7 49. c5 Kb8 50. Qh8+ Ka7 51. Qd4 Kb8 52. Kd3 Qf5+ 53. Kc3 Kc8 54. Qh8+ Kd7 55. Qg7+ Kc6 56. Qc7+ Kd5 57. Qxb7+ Kxc5 58.
d7 Qe5+ 59. Kb3 Qe3+ 60. Ka4 Qd4+ 61. Ka3 Qc3+ 62. Qb3 Qc1+ 63. Ka4 Qf4+ 64. Ka5 Qc7+ 65. Kxa6 Qc6+ 66. Ka5 Qa8# 0-1

[Event "Early-Titled-Tuesday-Blitz-June-18-2024"]
[Site "Chess.com"]
[Date "2024.06.18"]
[Round "9"]
[White "Lion-Al-Messi"]
[Black "lamomiajunior"]
[Result "1-0"]
[WhiteElo "2637"]
[BlackElo "2713"]
[TimeControl "180+1"]
[EndTime "9:47:59 PDT"]
[Termination "Lion-Al-Messi won by resignation"]

1. e4 c5 2. Nf3 d6 3. d4 cxd4 4. Nxd4 Nf6 5. Nc3 a6 6. h3 g6 7. g4 Bg7 8. Bg2 O-O 9. Be3 Nc6 10. O-O Bd7 11. Qd2 Nxd4 12. Bxd4 Bc6 13. Rad1 Rc8 14.
f4 b5 15. a3 Qc7 16. Qf2 Qb7 17. g5 Nd7 18. Bxg7 Kxg7 19. Qd4+ Kg8 20. h4 Qb6 21.
h5 Qxd4+ 22. Rxd4 Nc5 23. h6 a5 24. f5 Nd7 25. f6 exf6 26. gxf6 Ne5 27. Rxd6 Nc4 28. Rd4 Nxb2 29. Rb1 Nc4 30. Nxb5 Bxb5 31. Rxb5 Nxa3 32. Rxa5 Nxc2 33. Rd7 Ne3 34. e5 Rc1+ 35. Kf2 Ng4+ 36. Kg3 Nxh6 37. Bh3 Rc3+ 38. Kh2 Rb8 39. Rad5 Rc2+ 40. Bg2 Rcc8 41. Bh3 Re8 42. Re7 Kf8 43. Rdd7 Rxe7 44. Rxe7 Re8 45. Ra7 Rxe5 46. Bd7 Re8 47. Bxe8 Kxe8 48. Kg3 Nf5+ 49. Kf4 h6 50. Ke5 h5 51.
Ra8+ Kd7 52. Ra7+ Ke8 53. Ra8+ Kd7 54. Rf8 Nh6 55. Rh8 Nf5 56. Rf8 Nd6 57. Kd5 h4 58.
Rh8 g5 59. Rh5 Ne8 60. Ke5 g4 61. Rxh4 g3 62. Rd4+ Kc7 63. Rg4 Nd6 64. Rxg3 Nb5 65. Rg7 Nd6 66. Kd5 Kd7 67. Rh7 Kc7 68. Rh8 Kd7 69.
Rf8 Kc7 70. Ra8 Kd7 71. Ra7+ 1-0

[Event "Early-Titled-Tuesday-Blitz-June-18-2024"]
[Site "Chess.com"]
[Date "2024.06.18"]
[Round "9"]
[White "pfalcon1949"]
[Black "tarno17"]
[Result "0-1"]
[WhiteElo "1786"]
[BlackElo "2175"]
[TimeControl "180+1"]
[EndTime "9:47:59 PDT"]
[Termination "tarno17 won by checkmate"]

1. e4 c5 2. Nf3 e6 3. d4 cxd4 4. Nxd4 a6 5. c4 Qc7 6. Nc3 Bb4 7. Qd3 Nf6 8. Be2 Nc6 9. Be3 Ne5 10. Qd2 Nxe4 11.
Qc2 Nxc3 12. bxc3 Bd6 13. Qa4 O-O 14. h3 Ng6 15. O-O Bf4 16. Qc2 Bxe3 17. fxe3 Qe5 18. Qd3 b6 19. Nf3 Qg3 20. Rab1 Rb8 21. c5 b5 22. c4 b4 23. a3 a5 24. axb4 axb4 25. Rb3 Bb7 26. Rfb1 Ne5 27. Qd1 Be4 28. R1b2 h6 29.
Qf1 Rfc8 30. Rxb4 Rxb4 31. Rxb4 Rxc5 32. Rb8+ Kh7 33. Rb4 Nxf3+ 34. Bxf3 Bxf3 35. Qxf3 Qxf3 36. gxf3 d5 37. cxd5 Rxd5 38. Kf2 Rd2+ 39. Kg3 Kg6 40. e4 Rd3 41. h4 h5 42. Ra4 f6 43. Ra5 Rd1 44. Ra6 e5 45. Kg2 Rd2+ 46. Kg3 Rc2 47. Ra3 Rc6 48. Re3 f5 49. Ra3 fxe4 50. fxe4 Rc4 51.
Re3 Kf6 52. Kf3 g5 53. Ke2 gxh4 54. Kd3 Rd4+ 55. Kc3 Kg5 56. Re1 Kf4 57. Rh1 Kg3 58.
Rg1+ Kh2 59. Rg5 h3 60. Rxh5 Rxe4 61. Kd3 Re1 62. Kd2 Rg1 63. Rxe5 Kh1 64. Rh5 h2 65. Rh8 Rg2+ 66. Ke1 Kg1 67. Rf8 h1=Q 68. Rf1+ Kh2 69. Rxh1+ Kxh1 70. Kf1 Kh2 71. Ke1 Kg3 72. Kf1 Kf3 73. Ke1 Rh2 74. Kf1 Rh1# 0-1

[Event "Early-Titled-Tuesday-Blitz-June-18-2024"]
[Site "Chess.com"]
[Date "2024.06.18"]
[Round "9"]
[White "TimurDushatov"]
[Black "kinga2008"]
[Result "1-0"]
[WhiteElo "2400"]
[BlackElo "2556"]
[TimeControl "180+1"]
[EndTime "9:48:04 PDT"]
[Termination "TimurDushatov won on time"]

1. e4 c5 2. Nf3 Nc6 3. Bb5 g6 4. O-O Bg7 5. Re1 Nf6 6. c3 O-O 7. d4 cxd4 8. cxd4 d5 9. e5 Ne4 10. Bxc6 bxc6 11. Be3 Rb8 12. Qc1 Bg4 13. h3 Bf5 14. Nc3 Qd7 15. Na4 f6 16. exf6 Rxf6 17. Nd2 Bxh3 18. Nxe4 dxe4 19. gxh3 Qxh3 20. Qc4+ Kh8 21.
Qf1 Qh5 22. Qg2 Rf3 23. Rac1 Bh6 24. Rc5 Qh4 25. Bxh6 Qxh6 26. Rxe4 Rbf8 27. Rc2 R8f5 28. Re5 Qh5 29. Rc3 R3f4 30. Rxf5 Rxf5 31. Rg3 Qd1+ 32.
Kh2 Qxa4 33. Qe4 Rh5+ 34. Kg2 Qd1 35. Rh3 Rg5+ 36. Rg3 Rxg3+ 37. Kxg3 Qg1+ 38. Kh3 Qxf2 39. Qxe7 Qf5+ 40. Kg3 Qd3+ 41. Kg2 Qd2+ 42. Kg3 Qd3+ 43. Kg2 Qf5 44. Qe8+ Kg7 45. Qxc6 Qg4+ 46. Kh2 Qe2+ 47. Qg2 Qh5+ 48. Qh3 Qe2+ 49. Qg2 Qxg2+ 50. Kxg2 Kf6 51.
Kf3 Ke6 52. b4 Kd5 53. Ke3 h5 54. a4 h4 55. b5 h3 56. Kf3 g5 57. a5 g4+ 58. Kg3 Kd6 59. a6 Kc7 60. d5 Kb6 61. d6 1-0

[Event "Early-Titled-Tuesday-Blitz-June-18-2024"]
[Site "Chess.com"]
[Date "2024.06.18"]
[Round "9"]
[White "rollercoaster29"]
[Black "LeRoidesChampions"]
[Result "0-1"]
[WhiteElo "2510"]
[BlackElo "2664"]
[TimeControl "180+1"]
[EndTime "9:48:06 PDT"]
[Termination "LeRoidesChampions won by resignation"]

1. e4 Nf6 2. e5 Nd5 3. c4 Nb6 4. d4 d6 5. exd6 cxd6 6. Nf3 Nc6 7.
Nc3 Bg4 8. Be3 g6 9. Be2 Bg7 10.
b3 O-O 11. O-O e5 12. d5 Bxf3 13. Bxf3 Nd4 14. Bxd4 exd4 15. Ne4 f5 16. Ng3 Nd7 17. Ne2 d3 18. Qxd3 Bxa1 19. Rxa1 Ne5 20. Qc3 Qf6 21. Rd1 Rfe8 22. Nf4 Nxf3+ 23. Qxf3 Qd4 24. Ne6 Qb2 25.
h4 Re7 26. h5 Qf6 27. hxg6 hxg6 28. Qg3 Rh7 29. Qxd6 Qh4 30. Kf1 Qg4 31. f3 Rh1+ 32.
Kf2 Qh4+ 33. Ke2 Rxd1 34. Kxd1 Qh1+ 35. Ke2 Qxg2+ 36. Ke3 Qg1+ 37. Ke2 Qa1 38. Qe7 Qxa2+ 39.
Kf1 Qa1+ 40. Kg2 Qb2+ 41. Kh3 Qh8+ 42. Kg2 Qh7 43. Qf6 Qf7 44. Qd4 b6 45. f4 Re8 46.
Kf3 Rxe6 47. dxe6 Qxe6 48. Qd8+ Kf7 49. Qc7+ Qe7 50. Qc6 Kg7 51. Qa8 a5 52. Qc6 Qb4 53. Qd7+ Kh6 54. Qe8 Qxb3+ 55. Kg2 Qc2+ 56. Kf3 Qe4+ 57.
Qxe4 fxe4+ 58. Kxe4 a4 59. Kd4 Kh5 60. Kc3 Kg4 61.
Kb4 Kxf4 62. Kxa4 Ke5 63. Kb5 Kd4 64. Kxb6 Kxc4 65. Kc6 g5 66. Kd6 g4 67. Ke5 g3 0-1

[Event "Early-Titled-Tuesday-Blitz-June-18-2024"]
[Site "Chess.com"]
[Date "2024.06.18"]
[Round "9"]
[White "Andrei_Skvortsov"]
[Black "Fandorine"]
[Result "0-1"]
[WhiteElo "2775"]
[BlackElo "2947"]
[TimeControl "180+1"]
[EndTime "9:48:07 PDT"]
[Termination "Fandorine won by resignation"]

1. e4 d5 2. exd5 Qxd5 3. h3 Nf6 4. Nc3 Qd6 5. d4 g6 6. Nf3 Bg7 7. Be2 O-O 8. O-O a6 9. Re1 b5 10. Ne5 Bb7 11. Bf3 Ra7 12. Bxb7 Rxb7 13. Qf3 Rb6 14. Bf4 Qd8 15. Rad1 Rd6 16. a3 Rxd4 17. Rxd4 Qxd4 18. Rd1 Qb6 19. g4 Qe6 20. Nd3 c6 21. Re1 Qd7 22. Nc5 Qa7 23. Be3 Qc7 24. Bf4 Qd8 25. Nb7 Qb6 26. Rxe7 b4 27. axb4 Qxb4 28. Bd6 Qxb2 29. g5 Nfd7 30. Bxb8 Nxb8 31. Ne4 Qxc2 32. Nbd6 Qb1+ 33. Kg2 Qa2 34. Nf6+ Bxf6 35. Qxf6 Qd5+ 36. Kg3 Qd3+ 37. Kg2 Qd5+ 38. Kh2 c5 39. Nxf7 Qxf7 40. Rxf7 Rxf7 41. Qd8+ Rf8 42. Qd5+ Kh8 43. Qxc5 Kg8 44.
Qd5+ Rf7 45. Qd8+ Rf8 46. Qd5+ Rf7 47. Kg2 Nd7 48. Qa8+ Nf8 49. Qxa6 Rf5 50. Qc4+ Rf7 51. h4 Kg7 52. Qd4+ Kg8 53. Qd5 Kg7 54. f4 Rf5 55.
Qd4+ Kg8 56. Kg3 Ne6 57. Qc4 Kf7 58. Qb3 Ke7 59. Qb7+ Ke8 60. Qxh7 Nxf4 61. Qg8+ Ke7 62. Qc4 Nh5+ 63. Kg4 Kf8 64. Qc8+ Kg7 65. Qxf5 gxf5+ 66. Kxh5 Kh7 67. g6+ Kg7 68. Kg5 f4 69. h5 f3 70.
h6+ Kg8 71. Kf6 f2 72. h7+ Kh8 0-1